 Dungeon Crawl Stone Soup version 0.31-a0-968-g24f9ace8b5 (webtiles) character file.

Game seed: 14576765762789394466

8466 Hubris850 the Mimic (level 11, -2/47 HPs)
             Began as a Felid Shapeshifter on Oct 27, 2023.
             Was an Elder of Makhleb.
             Slain by a yak (14 damage)
             ... on level 10 of the Dungeon.
             The game lasted 00:29:23 (9246 turns).

Hubris850 the Mimic (Felid Shapeshifter)            Turns: 9246, Time: 00:29:23

Health: -2/47      AC:  2    Str: 10    XL:     11   Next: 10%
Magic:  14/14      EV: 27    Int: 13    God:    Makhleb [****..]
Gold:   556        SH:  0    Dex: 31    Spells: 10/12 levels left
                                        Lives:  0   Deaths: 4

rFire   . .          .
                       - Unarmed
rCold   . . .        (shield unavailable)
rNeg    . . .        (body armour unavailable)
rPois   .            (helmet unavailable)
rElec   .            (cloak unavailable)
rCorr   .            (gloves unavailable)
SInv    +            (boots unavailable)
Will    +....        (no amulet)
Stlth   ++++         m - +6 ring of dexterity
HPRegen 0.27/turn    v - +6 ring of dexterity
MPRegen 0.14/turn

%: no passive effects
@: blade hands, quick
A: very small, (claws 1), fangs 3, see invisible, speed 1, shaggy fur 2,
(stealthy paws), no weapons or thrown items, no armour, multi-lived
a: Begin Untransformation, Renounce Religion, Minor Destruction, Lesser Servant
of Makhleb, Major Destruction


You were on level 10 of the Dungeon.
You worshipped Makhleb.
Makhleb was greatly pleased with you.
You had blades for front paws.
You visited 1 branch of the dungeon, and saw 10 of its levels.
You also visited: Sewer and Bailey.

You collected 556 gold pieces.

Inventory:

Jewellery
 m - a +6 ring of dexterity (left blade hand)
 r - a ring of wizardry
 v - a +6 ring of dexterity (right blade hand)
 y - a +6 ring of intelligence
Talismans
 b - a beast talisman
 c - a flux talisman
 l - a blade talisman (active)
Wands
 g - a wand of mindburst (26)
 q - a wand of flame (14)
 x - a wand of iceblast (6)
 z - a wand of polymorph (9)
Scrolls
 a - 5 scrolls of teleportation
 e - 2 scrolls of fog
 i - 3 scrolls of immolation
 o - a scroll of vulnerability
 w - a scroll of blinking
Potions
 d - 2 potions of lignification
 f - 2 potions of enlightenment
 h - a potion of curing
 j - a potion of resistance
 k - 2 potions of mutation
 n - a potion of brilliance
 p - 2 potions of invisibility
 s - 2 potions of attraction
 t - a potion of ambrosia
 u - a potion of magic {unknown}


   Skills:
 - Level 5.0 Fighting
 - Level 8.0 Dodging
 - Level 6.0 Stealth
 + Level 10.6 Unarmed Combat
 - Level 1.0 Spellcasting
 - Level 3.9 Invocations
 - Level 10.6 Shapeshifting


You had 10 spell levels left.
You knew the following spells:

 Your Spells              Type           Power      Damage    Failure   Level
a - Blink                 Tloc           0%         N/A       38%         2

Your spell library contained the following spells:

 Spells                   Type           Power      Damage    Failure   Level
 Kiss of Death            Conj/Necr      0%         2d5       28%         1
 Summon Small Mammal      Summ           0%         N/A       28%         1
 Ensorcelled Hibernation  Hex/Ice        0%         N/A       38%         2
 Jinxbite                 Hex            0%         N/A       38%         2
 Lesser Beckoning         Tloc           0%         N/A       38%         2
 Momentum Strike          Conj/Tloc      0%         3d8       38%         2
 Call Canine Familiar     Summ           0%         N/A       63%         3
 Confusing Touch          Hex            0%         N/A       63%         3
 Summon Guardian Golem    Hex/Summ       0%         N/A       63%         3
 Anguish                  Hex/Necr       0%         N/A       95%         4
 Dispel Undead            Necr           0%         3d6       95%         4
 Manifold Assault         Tloc           0%         N/A       95%         4


Dungeon Overview and Level Annotations

Branches:
Dungeon (10/15)            Temple (0/1) D:4            Lair (0/5) D:8
  Sewer (visited)          Bailey (visited)
    Orc: D:9-12

Altars:
Makhleb
Trog
Vehumet
Lugonu

Shops:
D:6 !((*(

Portals:
Abyss: D:6

Annotations:
D:3 exclusion: statue
D:6 3 runed translucent doors, Crazy Yiuf


Innate Abilities, Weirdness & Mutations

You have blades for front paws.
((You have sharp claws.))
You have razor-sharp teeth.
You have supernaturally acute eyesight. (SInv)
You cover ground quickly. (Speed+)
You are covered in thick fur. (AC +2)
((Your paws help you pounce on unaware monsters.))
You are incapable of wielding weapons or throwing items.
You cannot wear armour.
You gain extra lives every three experience levels.


Message History

Your base attributes are Str 10, Int 13, Dex 19.
You slice the unseen horror!!
You kill the unseen horror!
Makhleb accepts your kill.
You feel better.
h - a potion of curing A yak comes into view.
Found a stone staircase leading down.
The helpless yak fails to defend itself.
You slash the yak!
The yak is moderately wounded.
The yak misses you.
You barely miss the yak.
The yak is moderately wounded.
You closely miss the yak.
The yak is moderately wounded.
The yak closely misses you.
You slash the yak!
The yak is severely wounded.
The yak bellows!
The yak gores you. The yak barely misses you. The yak gores you! x2
* * * LOW HITPOINT WARNING * * *
The yak misses you. The yak completely misses you.
Found a stone staircase leading down.
A demon appears!
The yak completely misses you. The yak attacks as it pursues you!
The yak completely misses you. The yak gores your smoke demon!
You hit the yak.
The yak is lightly wounded.
Your smoke demon barely misses the yak.
Your smoke demon hits the yak. x2
The yak gores your smoke demon! x2
Your smoke demon dies!
Your smoke demon disappears in a puff of smoke!
You hit the yak.
The yak is moderately wounded.
The yak closely misses you. The yak gores you!
You die...

.................#.......
.................#.......
##.##...##.##...##.......
#+ ######.##...##.......
#...........##.......
#.>..........#.......
#...Y........#.......
#...YY.......#.......
#..#.@Y########.......
###...# #....>.. #.....#
#....... #...>.# #.......
#.....# ######'## #.....#
#.)[..... #.....#
#3)...... #.....#
#)###.... #$.z..####.


You could see 4 yaks.

Vanquished Creatures
  A two-headed ogre (D:10)
  Pikel (D:8)
  4 unseen horrors
  2 trolls (D:9)
  2 shadows
  5 yaks
  2 wyverns
  3 steam dragons
  Edmund (D:6)
  4 water moccasins
  2 acid dragons
  2 orc warriors
  3 ice beasts
  A black bear (D:8)
  2 centaurs
  2 ogres
  2 lemures (D:8)
  3 kobold brigands
  3 bullfrogs
  A gnoll sergeant (D:10)
  3 scorpions (D:4)
  4 howler monkeys
  5 hounds
  A gnoll bouda (D:6)
  An orc priest (D:5)
  3 jellies
  2 sleepcaps (D:7)
  3 iguanas (D:5)
  3 orc wizards
  Natasha (twice) (D:4)
  3 river rats
  9 adders
  4 gnolls
  A white imp (D:6)
  2 worms (D:2)
  3 dart slugs
  15 orcs
  8 endoplasms
  3 giant cockroaches
  14 goblins
  7 hobgoblins
  6 jackals
  12 kobolds
  5 quokkas
  12 ball pythons
  7 bats
  7 frilled lizards
  9 rats
200 creatures vanquished.

Vanquished Creatures (collateral kills)
  A deep elf pyromancer (D:10)
  A yak (D:10)
  A water moccasin (D:7)
  A bullfrog (D:6)
  A wight (D:10)
  An orc wizard (D:10)
  2 sleepcaps (D:6)
  7 gnolls
  An orc (D:10)
16 creatures vanquished.

Vanquished Creatures (others)
  A kobold (D:9)
1 creature vanquished.

Grand Total: 217 creatures vanquished

Notes
Turn   | Place    | Note
-------+----------+-------------------------------------------
     0 | D:1      | Hubris850 the Felid Shapeshifter began the quest for the
                  | Orb.
     0 | D:1      | Reached XP level 1. HP: 9/9 MP: 2/2
   246 | D:1      | Reached skill level 1 in Stealth
   246 | D:1      | Reached XP level 2. HP: 12/12 MP: 3/3
   878 | D:2      | Found a faded altar of an unknown god.
   971 | D:2      | Reached XP level 3. HP: 15/15 MP: 4/4
   975 | D:2      | Prayed at the altar of an unknown god.
   975 | D:2      | Became a worshipper of Makhleb the Destroyer
   975 | D:2      | Reached * piety under Makhleb
  2023 | D:3      | Reached XP level 4. HP: 19/19 MP: 6/6
  2083 | D:3      | Reached ** piety under Makhleb
  2294 | D:3      | Reached skill level 1 in Spellcasting
  2331 | D:3      | Found a radiant altar of Vehumet.
  2331 | D:3      | Noticed a charred statue
  2725 | D:4      | Noticed a water moccasin
  2734 | D:4      | Killed a water moccasin
  2735 | D:4      | Reached XP level 5. HP: 10/22 MP: 7/7
  2906 | D:4      | Reached skill level 5 in Dodging
  2906 | D:4      | Gained mutation: You are covered in thick fur. (AC +2)
                  | [Felid growth]
  2906 | D:4      | Reached XP level 6. HP: 26/26 MP: 8/8
  3018 | D:4      | Found a staircase to the Ecumenical Temple.
  3071 | D:4      | Noticed Natasha
  3075 | D:4      | Killed Natasha
  3121 | D:4      | Found a glowing drain.
  3140 | Sewer    | Entered a sewer
  3220 | Sewer    | Reached *** piety under Makhleb
  3240 | Sewer    | Reached skill level 5 in Shapeshifting
  3262 | Sewer    | Reached XP level 7. HP: 22/30 MP: 9/9
  3506 | D:4      | Reached skill level 1 in Invocations
  3566 | D:4      | Reached skill level 5 in Unarmed Combat
  3799 | D:4      | Noticed Natasha
  3807 | D:4      | Killed Natasha
  4091 | D:5      | Entered Level 5 of the Dungeon
  4223 | D:5      | Reached XP level 8. HP: 31/33 MP: 11/11
  4692 | D:6      | Found a one-way gate to the infinite horrors of the Abyss.
  4692 | D:6      | Identified the +6 rapier of Nashiah {distort, +Blink rElec
                  | Int+9}
  4752 | D:6      | Found a large runed translucent door.
  4752 | D:6      | Found a large runed translucent door.
  4762 | D:6      | Found a corrupted altar of Lugonu.
  4843 | D:6      | Found Modippir's Weapon Emporium.
  4890 | D:6      | Found Xixzeg's General Store.
  4905 | D:6      | Found Lintaruss's Antique Weapon Shop.
  4947 | D:6      | Succumbed to a water moccasin's poison
  4999 | D:6      | Found Jema's Distillery.
  5032 | D:6      | HP: 1/31 [ice beast (8)]
  5185 | D:6      | Noticed Edmund
  5214 | D:6      | Demolished by Edmund
  5221 | D:6      | Reached **** piety under Makhleb
  5228 | D:6      | Killed Edmund
  5385 | D:6      | Reached XP level 9. HP: 19/36 MP: 12/12
  5580 | D:6      | Found Exeojyutin's Antique Weapon Boutique.
  5662 | D:6      | Found a runed translucent door.
  5663 | D:6      | Noticed Crazy Yiuf
  6607 | D:7      | Reached skill level 10 in Shapeshifting
  6612 | D:7      | Learned a level 2 spell: Blink
  6778 | D:7      | HP: 1/36 [water moccasin (3)]
  6779 | D:7      | Succumbed to a water moccasin's poison
  7067 | D:8      | Found a staircase to the Lair.
  7594 | D:8      | Noticed Pikel
  7620 | D:8      | Killed Pikel
  7892 | D:8      | Reached XP level 10. HP: 42/42 MP: 13/13
  7990 | D:9      | Found a flagged portal.
  8014 | Bailey   | Entered a bailey
  8588 | D:9      | Reached skill level 5 in Stealth
  8764 | D:9      | Reached skill level 5 in Fighting
  8963 | D:9      | Found a bloodstained altar of Trog.
  9006 | D:10     | Entered Level 10 of the Dungeon
  9130 | D:10     | Noticed a two-headed ogre
  9140 | D:10     | Killed a two-headed ogre
  9175 | D:10     | Reached skill level 10 in Unarmed Combat
  9180 | D:10     | Noticed a deep elf pyromancer
  9182 | D:10     | Reached XP level 11. HP: 44/47 MP: 14/14
  9194 | D:10     | Killed from afar by a deep elf pyromancer
  9194 | D:10     | Killed a deep elf pyromancer
  9246 | D:10     | Slain by a yak

Illustrated notes

Levels and vault maps discovered:
D:1:      heliophobic_arrival_battle_scene, layout_basic
D:2:      layout_loops_corners, nicolae_ecumenical_snake_handling,
          serial_forest, infiniplex_forest_zigzag_1, infiniplex_forest_end_3,
          infiniplex_forest_lined_ring, infiniplex_forest_straight_2,
          infiniplex_forest_fountain, minmay_misc_feat_encased,
          corexii_item_surrounded_by_moat
D:3:      layout_loops_cross, vehumet_statue, minmay_bisected
D:4:      layout_basic, minmay_temple_entry_waves, portal_sewer_entry_b,
          minmay_misc_feat_roman, uniq_natasha
D:5:      layout_rooms, minmay_diced_spiral
D:6:      due_chaos_kobolds, layout_loops_ring, serial_shops, shop,
          kennysheep_mini_moat, nicolae_shop_bloodbath_and_beyond, shop,
          nicolae_shop_advertising_works [nicolae_subvault_shop_adworks],
          minmay_fractal_squares_5, uniq_edmund, uniq_crazy_yiuf_cottage
D:7:      layout_gridville
D:8:      layout_loops_ring, dpeg_oklobed_lair, uniq_pikel
D:9:      layout_roguey, trog_hazing_becter, enter_bailey_5
D:10:     layout_gridville, grunt_potential

Skill      XL: |  1  2  3  4  5  6  7  8  9 10 |
---------------+-------------------------------+-----
Stealth        | 1 3 6 |  6.0
Dodging        | 3 4 5 7 8 |  8.0
Fighting       | 2 3 5 |  5.0
Spellcasting   | 1 |  1.0
Shapeshifting  | 4 5 8 10 | 10.6
Unarmed Combat | 4 5 6 7 10 | 10.6
Invocations    | 3 |  3.9

Action                     |  1- 3 |  4- 6 |  7- 9 | 10-12 || total
---------------------------+-------+-------+-------+-------++-------
  Melee: Unarmed           |    99 |   125 |   289 |   131 ||   644
         Punch             |     1 |       |     5 |     7 ||    13
         Bite              |     8 |    12 |    40 |    15 ||    75
 Invoke: Lesser Servant of |       |       |     5 |     4 ||     9
         Minor Destruction |       |       |     1 |       ||     1
Ability: Begin Untransform |       |       |     2 |       ||     2
    Use: Potion            |     2 |     2 |     3 |     2 ||     9
         Scroll            |     5 |     4 |    13 |       ||    22
   Stab: Sleeping          |     5 |     5 |     6 |     5 ||    21
         Distracted        |       |     1 |     3 |     1 ||     5
 Armour: Skin              |    32 |    26 |    89 |    48 ||   195
  Dodge: Dodged            |    74 |    87 |   229 |   217 ||   607
   Form: Flux              |       |       |     1 |       ||     1
         Blade             |       |       |     1 |       ||     1

Table legend: (Time is in decaauts)
 A = Elapsed time spent in this place.
 B = Non-inter-level travel time spent in this place.
 C = Inter-level travel time spent in this place.
 D = Time resting spent in this place.
 E = Time spent auto-exploring this place.
 F = Levels seen in this place.
 G = Mean time per level.
                   A        B        C        D        E       F      G
               +--------+--------+--------+--------+--------+-----+--------+
         Total |   7892 |   7688 |    204 |   1166 |   4796 |  12 |  657.7 |
       Dungeon |   7573 |   7369 |    204 |   1067 |   4748 |  10 |  757.3 |
         Sewer |    244 |    244 |      0 |     66 |     48 |   1 |  244.0 |
        Bailey |     73 |     73 |      0 |     33 |      0 |   1 |   73.0 |
               +--------+--------+--------+--------+--------+-----+--------+

Top non-repeatable levels by time:
     D:6: 1137 daAuts
     D:4: 939 daAuts
     D:2: 901 daAuts
     D:8: 869 daAuts
     D:7: 865 daAuts
     D:9: 834 daAuts
     D:1: 701 daAuts
     D:3: 645 daAuts
     D:5: 475 daAuts
   Sewer: 244 daAuts
    D:10: 203 daAuts
  Bailey: 73 daAuts
